 Dungeon Crawl Stone Soup version 0.29-a0-830-gcb1280458a (webtiles) character file.

Game seed: 5216526072601201333

981 27snakeeyes612 the Sneak (level 7, -11/32 HPs)
             Began as a Spriggan Enchanter on July 12, 2022.
             Was a Follower of Okawaru.
             Mangled by an ice beast (19 damage)
             ... on level 6 of the Dungeon.
             The game lasted 00:07:43 (6747 turns).

27snakeeyes612 the Sneak (Spriggan Enchanter)       Turns: 6747, Time: 00:07:44

Health: -11/32     AC:  2    Str:  4    XL:     7   Next: 96%
Magic:  13/16      EV: 20    Int: 16    God:    Okawaru [*.....]
Gold:   238        SH:  0    Dex: 18    Spells: 12/17 levels left

rFire   + . .      SeeInvis +   v - +1 dagger (venom)
rCold   x . .      Faith    .   (no shield)
rNeg    . . .      Spirit   .   b - +0 robe
rPois   .          Reflect  .   (helmet restricted)
rElec   .          Harm     .   (no cloak)
rCorr   .          Rampage  .   (gloves unavailable)
Will    +....                   (boots unavailable)
Stlth   ++++......              (no amulet)
HPRegen 0.10/turn               f - ring of fire
MPRegen 0.15/turn               (no ring)

@: confusing by touch, very quick
A: very small, no large weapons, unfitting armour, see invisible, speed 3
a: Renounce Religion, Heroism


You were on level 6 of the Dungeon.
You worshipped Okawaru.
Okawaru was aware of your devotion.
You visited 2 branches of the dungeon, and saw 7 of its levels.

You collected 238 gold pieces.

Inventory:

Hand Weapons
 a - a +1 dagger
 j - a +0 short sword
 q - a +0 dagger of speed
 v - a +1 dagger of venom (weapon)
Armour
 b - a +0 robe (worn)
Jewellery
 f - a ring of fire (left hand)
 y - a ring of positive energy
Wands
 u - a wand of flame (22)
Scrolls
 e - 2 scrolls of magic mapping
 h - a scroll of noise {unknown}
 k - 4 scrolls of teleportation {unknown}
 l - a scroll of brand weapon {unknown}
 m - a scroll of vulnerability {unknown}
 n - a scroll of acquirement {unknown}
 o - a scroll of immolation {unknown}
 s - a scroll of amnesia {unknown}
 w - a scroll of identify
Potions
 c - 2 potions of invisibility
 d - 2 potions of flight
 g - a potion of attraction
 i - 2 potions of curing
 p - a potion of heal wounds
 r - a potion of brilliance
 t - a potion of ambrosia {unknown}
 x - a potion of cancellation {unknown}
 z - a potion of haste {unknown}
 A - a potion of magic {unknown}


   Skills:
 + Level 4.3 Short Blades
 + Level 5.9 Dodging
 + Level 7.6 Stealth
 + Level 5.5 Spellcasting
 + Level 5.9 Hexes
 + Level 1.1 Ice Magic


You had 12 spell levels left.
You knew the following spells:

 Your Spells              Type           Power      Damage    Failure   Level
a - Ensorcelled Hibernat  Hex/Ice        30%        N/A       4%          2
b - Confusing Touch       Hex            23%        N/A       3%          3

Your spell library contained the following spells:

 Spells                   Type           Power      Damage    Failure   Level
 Dazzling Flash           Conj/Hex       26%        N/A       13%         3
 Apportation              Tloc           8%         N/A       14%         1
 Necrotise                Necr           16%        1d4       14%         1
 Gell's Gravitas          Tloc           4%         N/A       41%         3
 Lesser Beckoning         Tloc           4%         N/A       41%         3
 Teleport Other           Tloc           4%         N/A       41%         3
 Silence                  Hex/Air        6%         N/A       75%         5
 Agony                    Necr           4%         N/A       99%         5
 Tukima's Dance           Hex            Unusable   N/A       N/A         3
 Summon Small Mammal      Summ           Unusable   N/A       N/A         1

Dungeon Overview and Level Annotations

Branches:
Dungeon (6/15)             Temple (1/1) D:4

Altars:
Cheibriados
Elyvilon
Fedhas
Gozag
Hepliaklqana
Kikubaaqudgha
Makhleb
Okawaru
Qazlal
Ru
Sif Muna
Uskayaw
Vehumet
Wu Jian
Xom
Yredelemnul
The Shining One

Shops:
D:2 !   D:5 =


Innate Abilities, Weirdness & Mutations

You are very small and have problems with some larger weapons.
You are too small for most types of armour.
You have supernaturally acute eyesight. (SInv)
You cover ground extremely quickly. (Speed+++)


Message History

Okawaru accepts your kill.
You see here a +0 shortbow.
There is an entrance to Oru Tioz's Jewellery Shoppe here.
Done exploring.
Done exploring.
Done exploring.
(D) Dungeon (T) Temple
Where to? (Enter - D:5, ? - help)
What level of the Dungeon? (default 1, ? - help)
There is an open door here.
There is an open door here.
There is a stone staircase leading down here.
You climb downwards.
You hear the sound of rushing water.
There is an entrance to a sewer on this level.
Hurry and find it before the portal rusts away!
Found a stone staircase leading down and a stone staircase leading up.
There is a stone staircase leading up here.
The helpless howler monkey fails to defend itself.
You stick the howler monkey like a pincushion!!!
You kill the howler monkey!
Okawaru accepts your kill.
Casting: Ensorcelled Hibernation (safe; 4% risk of failure)
Confirm with . or Enter, or press ? or * to list all spells.
Your hands begin to glow red.
The ice beast misses you.
You barely miss the ice beast. The ice beast completely misses you.
You hit the ice beast but do no damage. You barely miss the ice beast.
The ice beast hits you. The ice beast freezes you!
You feel a terrible chill!
Ouch! That really hurt!
You are too injured to fight recklessly!
You are too injured to fight recklessly!
You hit the ice beast but do no damage.
The water moccasin hisses angrily.
The ice beast hits you but does no damage.
You hit the ice beast but do no damage. The ice beast hits you.
* * * LOW HITPOINT WARNING * * *
The ice beast freezes you!!
You feel a terrible chill!
Ouch! That really hurt!
You die...

#.####..
......#
#....<#
#S....#
####.....
.......###
#.Y....#
#..@.#
#..<.#
#...†#
######


You could see a water moccasin and an ice beast.

Vanquished Creatures
  An orc warrior (D:5)
  A centaur (D:5)
  An ogre (D:4)
  A phantom (D:5)
  A gnoll sergeant (D:5)
  A necrophage (D:4)
  A scorpion (D:3)
  2 howler monkeys
  3 hounds
  Natasha (thrice) (D:3)
  2 iguanas (D:5)
  Robin (D:3)
  5 gnolls (D:5)
  5 adders
  A shadow imp (D:5)
  A white imp (D:5)
  An ufetubus (D:4)
  3 worms (D:3)
  2 dart slugs (D:4)
  5 orcs
  An endoplasm (D:2)
  A giant cockroach (D:4)
  12 goblins
  5 hobgoblins
  3 quokkas
  5 ball pythons
  2 bats
  A frilled lizard (D:3)
  7 kobolds
  2 rats
80 creatures vanquished.

Vanquished Creatures (others)
  5 fungi (D:4)
  3 plants (D:4)
8 creatures vanquished.

Grand Total: 88 creatures vanquished

Notes
Turn   | Place    | Note
-------+----------+-------------------------------------------
     0 | D:1      | 27snakeeyes612 the Spriggan Enchanter began the quest for
                  | the Orb.
     0 | D:1      | Reached XP level 1. HP: 9/9 MP: 5/5
   736 | D:1      | Found a faded altar of an unknown god.
  1125 | D:2      | Reached XP level 2. HP: 13/13 MP: 6/6
  1128 | D:2      | Learned a level 2 spell: Ensorcelled Hibernation
  1550 | D:2      | Found Gigitoc's Distillery.
  2240 | D:3      | Noticed a scorpion
  2245 | D:3      | Killed a scorpion
  2246 | D:3      | Reached skill level 5 in Stealth
  2246 | D:3      | Reached XP level 3. HP: 16/16 MP: 8/8
  2246 | D:3      | Reached XP level 4. HP: 21/21 MP: 10/10
  2253 | D:3      | Noticed Robin
  2253 | D:3      | Noticed Natasha
  2552 | D:3      | Identified the +1 ring mail "Mecyuqof" {Str-5 Int+6}
  2836 | D:3      | Killed Natasha
  3130 | D:3      | Noticed Natasha
  3139 | D:3      | Killed Natasha
  3140 | D:3      | Reached XP level 5. HP: 20/24 MP: 0/11
  3302 | D:3      | Killed Robin
  3420 | D:3      | Noticed Natasha
  3426 | D:3      | Killed Natasha
  3805 | D:4      | Reached skill level 6 in Stealth
  3857 | D:4      | Learned a level 3 spell: Confusing Touch
  3872 | D:4      | Reached XP level 6. HP: 18/28 MP: 9/13
  4056 | D:4      | Reached skill level 5 in Hexes
  4366 | D:4      | Found a staircase to the Ecumenical Temple.
  4413 | D:4      | Found a blossoming altar of Fedhas.
  4674 | Temple   | Entered the Ecumenical Temple
  4876 | Temple   | Became a worshipper of Warmaster Okawaru
  5197 | D:4      | Found a burning altar of Makhleb.
  5331 | D:5      | Entered Level 5 of the Dungeon
  5380 | D:5      | Reached skill level 5 in Dodging
  5416 | D:5      | Reached XP level 7. HP: 32/32 MP: 12/15
  5521 | D:5      | Reached skill level 7 in Stealth
  5525 | D:5      | Reached skill level 5 in Spellcasting
  5742 | D:5      | Reached * piety under Okawaru
  6594 | D:5      | Found Oru Tioz's Jewellery Shoppe.
  6607 | D:5      | Reached skill level 1 in Ice Magic
  6747 | D:6      | Mangled by an ice beast

Illustrated notes

Levels and vault maps discovered:
D:1:      minmay_arrival_four_loops, layout_basic,
          shapermc_ecumenical_altar_flowoftime, chequers_serial_rivers_marsh,
          minmay_misc_feat_chi
D:2:      layout_loops_ring, serial_shops, nicolae_square_shop
D:3:      layout_loops_ring, grunt_ministairs_5, uniq_robin, uniq_natasha
D:4:      layout_rooms, makhleb_blood_cavern_becter, fedhas_altar_3,
          temple_hall, kennysheep_decorative_pillar
D:5:      layout_basic, serial_shops, shop
D:6:      layout_rooms, cheibrodos_sewer_entry_sluice, uniq_blork_the_orc,
          uniq_menkaure
Temple:   nicolae_temple_bog_church

Skill      XL: |  1  2  3  4  5  6  7 |
---------------+----------------------+-----
Dodging        | 3 4 5 |  5.9
Spellcasting   | 3 4 5 |  5.5
Short Blades   | 2 3 4 |  4.3
Stealth        | 5 6 7 |  7.6
Hexes          | 4 5 |  5.9
Ice Magic      | 1 |  1.1

Action                   |  1- 3 |  4- 6 |  7- 9 || total
-------------------------+-------+-------+-------++-------
Melee: Dagger            |    43 |   182 |    49 ||   274
       Punch             |       |     1 |       ||     1
 Cast: Ensorcelled Hiber |     5 |    30 |    15 ||    50
       Confusing Touch   |       |     2 |     3 ||     5
  Use: Scroll            |       |     6 |       ||     6
 Stab: Sleeping          |     7 |    26 |    12 ||    45
       Distracted        |       |     3 |       ||     3
       Confused          |       |     2 |     2 ||     4
Armor: Robe              |     7 |     8 |     2 ||    17
Dodge: Dodged            |    32 |   111 |    32 ||   175

Table legend: (Time is in decaauts)
 A = Elapsed time spent in this place.
 B = Non-inter-level travel time spent in this place.
 C = Inter-level travel time spent in this place.
 D = Time resting spent in this place.
 E = Time spent auto-exploring this place.
 F = Levels seen in this place.
 G = Mean time per level.
                   A        B        C        D        E       F      G
               +--------+--------+--------+--------+--------+-----+--------+
         Total |   4992 |   4652 |    340 |    574 |   3433 |   7 |  713.1 |
       Dungeon |   4832 |   4535 |    297 |    574 |   3324 |   6 |  805.3 |
        Temple |    159 |    117 |     42 |      0 |    108 |   1 |  159.0 |
               +--------+--------+--------+--------+--------+-----+--------+

Top non-repeatable levels by time:
     D:4: 1259 daAuts
     D:3: 1160 daAuts
     D:5: 1115 daAuts
     D:2: 675 daAuts
     D:1: 616 daAuts
  Temple: 159 daAuts
     D:6: 6 daAuts
